| TOP OF THE 1ST |
|
Great Lakes Loons batting - Pitching for Augusta GreenJackets : RHP Kyle Rindels
|
|
Pitching: RHP Kyle Rindels
|
|
|
Batting: LHB Nate Kee
|
0-0: Called Strike 0-1: Ground out U3 (Groundball, 3, EV 108.1 MPH)
|
|
Batting: LHB Tore Bosch
|
0-0: Called Strike 0-1: Ball 1-1: Ball 2-1: Foul Ball, location: 2F 2-2: Strikes out swinging
|
|
Batting: LHB Jesus Ramirez
|
0-0: Ball 1-0: Called Strike 1-1: Called Strike 1-2: Ball 2-2: SINGLE (Line Drive, 6D, EV 96.2 MPH)
|
|
Batting: SHB Xavier Alaniz
|
0-0: Called Strike 0-1: Called Strike 0-2: Ball 1-2: Strikes out swinging
|
| Top of the 1st over - 0 runs, 1 hit, 0 errors, 1 left on base; Great Lakes 0 - Augusta 0 |
| BOTTOM OF THE 1ST |
|
Augusta GreenJackets batting - Pitching for Great Lakes Loons : LHP Nate Tate
|
|
Pitching: LHP Nate Tate
|
|
|
Batting: RHB Ryan Roberts
|
0-0: Called Strike 0-1: Foul Ball, location: 2F 0-2: Ball 1-2: Foul Ball, location: 2F 1-2: Strikes out swinging
|
|
Batting: RHB Ryan Bentz
|
0-0: Ball 1-0: Fly out, F8 (Flyball, 8LD, EV 100.0 MPH)
|
|
Batting: RHB Zach Maguire
|
0-0: Called Strike 0-1: Ball 1-1: Fly out, F9 (Flyball, 9, EV 79.4 MPH)
|
| Bottom of the 1st over - 0 runs, 0 hits, 0 errors, 0 left on base; Great Lakes 0 - Augusta 0 |
| TOP OF THE 2ND |
|
Great Lakes Loons batting - Pitching for Augusta GreenJackets : RHP Kyle Rindels
|
|
Batting: RHB Steve Clark
|
0-0: Ball 1-0: Ball 2-0: Called Strike 2-1: Ball 3-1: Base on Balls
|
|
Batting: RHB Jason Baldwin
|
0-0: Ball 1-0: Swinging Strike Passed Ball! Steve Clark to second 1-1: Called Strike 1-2: Ground out 4-3 (Groundball, 4, EV 79.4 MPH) Steve Clark to third
|
|
Batting: RHB Ruben Serrata
|
0-0: Foul Ball, location: 2F 0-1: Ball 1-1: Foul Ball, location: 2F 1-2: Foul Ball, location: 2F 1-2: Ground out 5-3 (Groundball, 56, EV 99.4 MPH) Steve Clark scores
|
|
Batting: RHB Trevor Conklin
|
0-0: Ball 1-0: Called Strike 1-1: Foul Ball, location: 2F 1-2: Ball 2-2: Strikes out swinging
|
| Top of the 2nd over - 1 run, 0 hits, 0 errors, 0 left on base; Great Lakes 1 - Augusta 0 |
| BOTTOM OF THE 2ND |
|
Augusta GreenJackets batting - Pitching for Great Lakes Loons : LHP Nate Tate
|
|
Batting: LHB Chris West
|
0-0: Called Strike 0-1: Ball 1-1: Foul Ball, location: 2F 1-2: Strikes out swinging
|
|
Batting: RHB Malik Sharpless
|
0-0: Ball 1-0: SINGLE (Line Drive, 34D, EV 97.5 MPH)
|
|
Batting: RHB Jaime Rios
|
0-0: SINGLE (Groundball, 56D, EV 105.6 MPH) Malik Sharpless to second
|
|
Batting: RHB Vinny Torres
|
0-0: Ball 1-0: Swinging Strike 1-1: Fielders Choice at 2nd, 1-6 (Groundball, 13S, EV 76.2 MPH) Malik Sharpless to third
|
|
Batting: RHB Harry Dickson
|
0-0: Called Strike 0-1: Foul Ball, location: 2F 0-2: Ground out 5-3 (Groundball, 56S, EV 79.4 MPH)
|
| Bottom of the 2nd over - 0 runs, 2 hits, 0 errors, 2 left on base; Great Lakes 1 - Augusta 0 |
| TOP OF THE 3RD |
|
Great Lakes Loons batting - Pitching for Augusta GreenJackets : RHP Kyle Rindels
|
|
Batting: LHB Cory Bowler
|
0-0: Called Strike 0-1: Ground out 4-3 (Groundball, 34D, EV 105.6 MPH)
|
|
Batting: LHB Nate Kee
|
0-0: Ball 1-0: Called Strike 1-1: Ball 2-1: Swinging Strike 2-2: Strikes out swinging
|
|
Batting: LHB Tore Bosch
|
0-0: Ball 1-0: Ball 2-0: Ball 3-0: Called Strike 3-1: Fly out, F9 (Line Drive, 89M, EV 96.2 MPH)
|
| Top of the 3rd over - 0 runs, 0 hits, 0 errors, 0 left on base; Great Lakes 1 - Augusta 0 |
| BOTTOM OF THE 3RD |
|
Augusta GreenJackets batting - Pitching for Great Lakes Loons : LHP Nate Tate
|
|
Batting: RHB Noe Oliva
|
0-0: Foul Ball, location: 2F 0-1: Ground out 5-3 (Groundball, 56S, EV 83.8 MPH)
|
|
Batting: RHB Ryan Roberts
|
0-0: Swinging Strike 0-1: Called Strike 0-2: Strikes out swinging
|
|
Batting: RHB Ryan Bentz
|
0-0: Foul Ball, location: 2F 0-1: Called Strike 0-2: Ball 1-2: Ball 2-2: Strikes out swinging
|
| Bottom of the 3rd over - 0 runs, 0 hits, 0 errors, 0 left on base; Great Lakes 1 - Augusta 0 |
| TOP OF THE 4TH |
|
Great Lakes Loons batting - Pitching for Augusta GreenJackets : RHP Kyle Rindels
|
|
Batting: LHB Jesus Ramirez
|
0-0: Swinging Strike 0-1: Ground out 4-3 (Groundball, 4M, EV 85.0 MPH)
|
|
Batting: SHB Xavier Alaniz
|
0-0: Foul Ball, location: 2F 0-1: Swinging Strike 0-2: Strikes out looking
|
|
Batting: RHB Steve Clark
|
0-0: Ball 1-0: Ball 2-0: SINGLE (Groundball, 4MD, EV 95.6 MPH)
|
|
Batting: RHB Jason Baldwin
|
0-0: Called Strike 0-1: Ball 1-1: Fielders Choice at 2nd, 6-4 (Groundball, 6, EV 81.2 MPH)
|
| Top of the 4th over - 0 runs, 1 hit, 0 errors, 1 left on base; Great Lakes 1 - Augusta 0 |
| BOTTOM OF THE 4TH |
|
Augusta GreenJackets batting - Pitching for Great Lakes Loons : LHP Nate Tate
|
|
Batting: RHB Zach Maguire
|
0-0: Fly out, F7 (Flyball, 78S, EV 70.0 MPH)
|
|
Batting: LHB Chris West
|
0-0: Called Strike 0-1: Ground out 1-3 (Groundball, P, EV 65.6 MPH)
|
|
Batting: RHB Malik Sharpless
|
0-0: Foul Ball, location: 2F 0-1: SINGLE (Groundball, 4MD, EV 102.5 MPH)
|
|
Batting: RHB Jaime Rios
|
0-0: Called Strike 0-1: Hit by Pitch Malik Sharpless to second
|
|
Batting: RHB Vinny Torres
|
0-0: Swinging Strike 0-1: Ball 1-1: Foul Ball, location: 2F 1-2: Ball 2-2: Fly out, F5 (Popup, 56, EV 60.0 MPH)
|
| Bottom of the 4th over - 0 runs, 1 hit, 0 errors, 2 left on base; Great Lakes 1 - Augusta 0 |
| TOP OF THE 5TH |
|
Great Lakes Loons batting - Pitching for Augusta GreenJackets : RHP Kyle Rindels
|
|
Batting: RHB Ruben Serrata
|
0-0: SINGLE (Groundball, 34D, EV 100.6 MPH)
|
|
Batting: RHB Trevor Conklin
|
0-0: Ball 1-0: Ball Ruben Serrata steals 2nd base 2-0: Foul Ball, location: 2F 2-1: Foul Ball, location: 2F 2-2: Ball 3-2: Strikes out swinging
|
|
Batting: LHB Cory Bowler
|
0-0: Ground out 4-3 (Groundball, 4M, EV 86.2 MPH) Ruben Serrata to third
|
|
Batting: LHB Nate Kee
|
0-0: Called Strike 0-1: Swinging Strike Passed Ball! Ruben Serrata scores 0-2: Strikes out looking
|
| Top of the 5th over - 1 run, 1 hit, 0 errors, 0 left on base; Great Lakes 2 - Augusta 0 |
| BOTTOM OF THE 5TH |
|
Augusta GreenJackets batting - Pitching for Great Lakes Loons : LHP Nate Tate
|
|
Batting: RHB Harry Dickson
|
0-0: Ball 1-0: Swinging Strike 1-1: Ball 2-1: Ground out 1-3 (Groundball, 15S, EV 75.0 MPH)
|
|
Batting: RHB Noe Oliva
|
0-0: Ball 1-0: Ball 2-0: SINGLE (Groundball, 56D, EV 95.6 MPH)
|
|
Batting: RHB Ryan Roberts
|
0-0: Called Strike 0-1: Ball 1-1: Fly out, F7 (Flyball, 7S, EV 86.2 MPH)
|
|
Batting: RHB Ryan Bentz
|
0-0: Called Strike 0-1: Ball 1-1: Foul Ball, location: 2F 1-2: Ball 2-2: Ball 3-2: Fly out, F9 (Flyball, 89D, EV 101.2 MPH)
|
| Bottom of the 5th over - 0 runs, 1 hit, 0 errors, 1 left on base; Great Lakes 2 - Augusta 0 |
| TOP OF THE 6TH |
|
Great Lakes Loons batting - Pitching for Augusta GreenJackets : RHP Kyle Rindels
|
|
Batting: LHB Tore Bosch
|
0-0: Ball 1-0: Ball 2-0: Swinging Strike 2-1: Foul Ball, location: 2F 2-2: SINGLE (Groundball, 34D, EV 107.5 MPH)
|
|
Batting: LHB Jesus Ramirez
|
0-0: Ball 1-0: Called Strike 1-1: Foul Ball, location: 2F 1-2: Ball 2-2: Strikes out swinging
|
|
Pitching: RHP Hiroaki Yazawa
|
|
|
Batting: SHB Xavier Alaniz
|
0-0: Called Strike 0-1: DOUBLE (Flyball, 78D, EV 89.4 MPH) Tore Bosch to third
|
|
Batting: RHB Steve Clark
|
0-0: Ground out 4-3 (Groundball, 4S, EV 85.0 MPH) Tore Bosch scores Xavier Alaniz to third
|
|
Batting: RHB Jason Baldwin
|
0-0: Ball 1-0: Foul Ball, location: 2F 1-1: Ball Passed Ball! Xavier Alaniz scores 2-1: SINGLE (Groundball, 4M, EV 102.5 MPH) (infield hit)
|
|
Batting: RHB Ruben Serrata
|
0-0: Ball Jason Baldwin steals 2nd base 1-0: Swinging Strike 1-1: SINGLE (Line Drive, 8RS, EV 101.9 MPH) Jason Baldwin to third Runner from 3rd tries for Home, SAFE, throw by CF to home Ruben Serrata to second
|
|
Batting: RHB Trevor Conklin
|
0-0: Called Strike 0-1: Ball 1-1: Foul Ball, location: 2F 1-2: Foul Ball, location: 2F 1-2: Ball Wild Pitch! Ruben Serrata to third 2-2: Ball 3-2: Ground out U3 (Groundball, 34, EV 106.9 MPH)
|
| Top of the 6th over - 3 runs, 4 hits, 0 errors, 1 left on base; Great Lakes 5 - Augusta 0 |
| BOTTOM OF THE 6TH |
|
Augusta GreenJackets batting - Pitching for Great Lakes Loons : LHP Nate Tate
|
|
Batting: RHB Zach Maguire
|
0-0: Ball 1-0: Ball 2-0: Ball 3-0: Base on Balls
|
|
Batting: LHB Chris West
|
0-0: Foul Ball, location: 2F 0-1: Ball 1-1: Ball Zach Maguire steals 2nd base 2-1: Called Strike 2-2: Ball 3-2: Foul Ball, location: 2F 3-2: SINGLE (Line Drive, 7S, EV 90.6 MPH) Zach Maguire to third
|
|
Batting: RHB Malik Sharpless
|
0-0: Called Strike 0-1: Fly out, F4 (Line Drive, 4M, EV 73.8 MPH)
|
|
Batting: RHB Jaime Rios
|
0-0: Called Strike 0-1: Ball 1-1: Ball 2-1: Foul Ball, location: 2F 2-2: Strikes out swinging
|
|
Batting: RHB Vinny Torres
|
0-0: Ball 1-0: Foul Ball, location: 2F 1-1: Ball Wild Pitch! Zach Maguire scores Chris West to second 2-1: Foul Ball, location: 2F 2-2: Ground out 6-3 (Groundball, 6S, EV 66.2 MPH)
|
| Bottom of the 6th over - 1 run, 1 hit, 0 errors, 1 left on base; Great Lakes 5 - Augusta 1 |
| TOP OF THE 7TH |
|
Great Lakes Loons batting - Pitching for Augusta GreenJackets : RHP Hiroaki Yazawa
|
|
Pitching: LHP Christian Rogers
|
|
|
Batting: LHB Cory Bowler
|
0-0: Ball 1-0: Swinging Strike 1-1: Swinging Strike 1-2: Strikes out swinging
|
|
Batting: LHB Nate Kee
|
0-0: SINGLE (Line Drive, 4D, EV 98.8 MPH)
|
|
Batting: LHB Tore Bosch
|
0-0: Ball 1-0: Swinging Strike Passed Ball! Nate Kee to second 1-1: Ground out 4-3 (Groundball, 4MD, EV 85.6 MPH) Nate Kee to third
|
|
Batting: LHB Jesus Ramirez
|
0-0: Called Strike 0-1: Fly out, F9 (Flyball, 89M, EV 82.5 MPH)
|
| Top of the 7th over - 0 runs, 1 hit, 0 errors, 1 left on base; Great Lakes 5 - Augusta 1 |
| BOTTOM OF THE 7TH |
|
Augusta GreenJackets batting - Pitching for Great Lakes Loons : LHP Nate Tate
|
|
Batting: RHB Harry Dickson
|
0-0: Fly out, F8 (Flyball, 8RD, EV 88.1 MPH)
|
|
Batting: RHB Noe Oliva
|
0-0: Called Strike 0-1: Foul Ball, location: 2F 0-2: Strikes out swinging
|
|
Batting: RHB Ryan Roberts
|
0-0: Foul Ball, location: 2F 0-1: SOLO HOME RUN (Flyball, 7D, EV 100.0 MPH), Distance : 390 ft
|
|
Batting: RHB Ryan Bentz
|
0-0: Called Strike 0-1: Ball 1-1: Foul Ball, location: 2F 1-2: Strikes out looking
|
| Bottom of the 7th over - 1 run, 1 hit, 0 errors, 0 left on base; Great Lakes 5 - Augusta 2 |
| TOP OF THE 8TH |
|
Great Lakes Loons batting - Pitching for Augusta GreenJackets : LHP Christian Rogers
|
|
Pitching: RHP Kevin Spencer
|
|
|
Batting: SHB Xavier Alaniz
|
0-0: Ball 1-0: Fly out, F9 (Line Drive, 9, EV 88.1 MPH)
|
|
Batting: RHB Steve Clark
|
0-0: Foul Ball, location: 2F 0-1: Swinging Strike 0-2: Strikes out swinging
|
|
Batting: RHB Jason Baldwin
|
0-0: Foul Ball, location: 2F 0-1: Called Strike 0-2: Ball 1-2: Ball 2-2: Strikes out looking
|
| Top of the 8th over - 0 runs, 0 hits, 0 errors, 0 left on base; Great Lakes 5 - Augusta 2 |
| BOTTOM OF THE 8TH |
|
Augusta GreenJackets batting - Pitching for Great Lakes Loons : LHP Nate Tate
|
|
Now in LF: Justin Curran
|
|
|
Batting: RHB Zach Maguire
|
0-0: Called Strike 0-1: Ball 1-1: Called Strike 1-2: Strikes out looking
|
|
Batting: LHB Chris West
|
0-0: Fly out, F9 (Flyball, 89D, EV 98.1 MPH)
|
|
Batting: RHB Malik Sharpless
|
0-0: Ground out 6-3 (Groundball, 6S, EV 91.9 MPH)
|
| Bottom of the 8th over - 0 runs, 0 hits, 0 errors, 0 left on base; Great Lakes 5 - Augusta 2 |
| TOP OF THE 9TH |
|
Great Lakes Loons batting - Pitching for Augusta GreenJackets : RHP Kevin Spencer
|
|
Pitching: LHP Jeff Briggs
|
|
|
Batting: RHB Ruben Serrata
|
0-0: Ball 1-0: Hit by Pitch
|
|
Batting: RHB Trevor Conklin
|
0-0: Ball 1-0: Ball Ruben Serrata steals 2nd base 2-0: Intentional Walk
|
|
Batting: LHB Cory Bowler
|
0-0: Ball Passed Ball! Ruben Serrata to third Trevor Conklin to second 1-0: Called Strike 1-1: Ball Wild Pitch! Ruben Serrata scores Trevor Conklin to third 2-1: Foul Ball, location: 2F 2-2: Foul Ball, location: 2F 2-2: Strikes out looking
|
|
Batting: LHB Nate Kee
|
0-0: Ball Wild Pitch! Trevor Conklin scores 1-0: Foul Ball, location: 2F 1-1: Swinging Strike 1-2: Ball 2-2: Ball 3-2: Base on Balls
|
|
Batting: LHB Tore Bosch
|
0-0: Ball Nate Kee is caught stealing 2nd base 2-6 1-0: Ball 2-0: Ball 3-0: Base on Balls
|
|
Batting: LHB Jesus Ramirez
|
0-0: Ball 1-0: Called Strike 1-1: Ball 2-1: Hit by Pitch Tore Bosch to second
|
|
Batting: SHB Xavier Alaniz
|
0-0: Called Strike 0-1: Called Strike 0-2: Strikes out swinging
|
| Top of the 9th over - 2 runs, 0 hits, 0 errors, 2 left on base; Great Lakes 7 - Augusta 2 |
| BOTTOM OF THE 9TH |
|
Augusta GreenJackets batting - Pitching for Great Lakes Loons : LHP Nate Tate
|
|
Batting: RHB Jaime Rios
|
0-0: Called Strike 0-1: Ball 1-1: Swinging Strike 1-2: Foul Ball, location: 2F 1-2: Ball 2-2: SINGLE (Line Drive, 34D, EV 103.8 MPH)
|
|
Batting: RHB Vinny Torres
|
0-0: Swinging Strike 0-1: Foul Ball, location: 2F 0-2: TRIPLE (Flyball, 9LD, EV 96.2 MPH) Jaime Rios scores
|
|
Pitching: RHP Adonis Loyd
|
|
|
Batting: RHB Harry Dickson
|
0-0: Ball 1-0: Called Strike 1-1: Ball 2-1: Ball 3-1: Ground out 5-3 (Groundball, 56, EV 107.5 MPH) Vinny Torres scores
|
|
Batting: RHB Noe Oliva
|
0-0: Swinging Strike 0-1: Swinging Strike 0-2: Strikes out swinging, 2-3 out at first.
|
|
Batting: RHB Ryan Roberts
|
0-0: Swinging Strike 0-1: Ball 1-1: Ball 2-1: Ball 3-1: Foul Ball, location: 2F 3-2: Strikes out swinging, 2-3 out at first.
|
| Bottom of the 9th over - 2 runs, 2 hits, 0 errors, 0 left on base; Great Lakes 7 - Augusta 4 |
|